cohdb
Replays
Latest Replays
All Replays
Popular Replays
Top Player Replays
Match Explorer
How It Works
Community
CoH3 Stats
Reddit
Sign in to upload your games and track your stats! →
Sign in with Steam
Match 36847633
Unlisted
Match 36847633
Overview
Messages
Build Orders
End
Selects Italian Combined Arms Battlegroup
Selects Bersaglieri Squad
Bersaglieri Squad
Panzerpioneer Squad
Bersaglieri Squad
Construct Light Support Kompanie
Bersaglieri Squad
Fire Support Elements
Flakvierling Half-track
Pak 38 Mechanized Group
2.5-tonne Medical Truck
Vehicle Survival Package
Construct Mechanized Kompanie
Selects Vehicle Support - Secure Location
Selects Vehicle Support - Force Recon
StuG III D Assault Gun
Selects Semovente da 75/18 Assault Gun
Rapid Advance
Selects Strafing Run
Strafing Run
Pak 38 Mechanized Group
Strafing Run
Emergency Repair Kits
Strafing Run
254 Reconnaissance Tractor
254 Reconnaissance Tractor
Bersaglieri Squad
Selects Artillery Cover
UH|dun! ツ
UH|XTC
Wittman
Sukulaku
Геть з України москаль некрасіви
Society is a Lie
0
0
Comments
sign in to comment!
No comments posted yet!